 Dungeon Crawl Stone Soup version 0.25-a0-578-gc91f01c39c (webtiles) character file.

Game seed: 1319280226044110273, levelgen mode: deterministic

849 drasked the Magician (level 7, -12/36 HPs)
             Began as a Deep Elf Wizard on Mar 5, 2020.
             Was an Initiate of Vehumet.
             Shot with an arrow by a centaur (15 damage)
             ... on level 5 of the Dungeon.
             The game lasted 00:14:00 (6300 turns).

drasked the Magician (Deep Elf Wizard)              Turns: 6300, Time: 00:14:00

Health: -12/36     AC:  5    Str:  4    XL:     7   Next: 69%
Magic:  12/19      EV: 13    Int: 25    God:    Vehumet [......]
Gold:   154        SH:  0    Dex: 13    Spells: 12/20 levels left

rFire    . . .     SeeInvis .   d - +0 dagger
rCold    . . .     Gourm    .   (no shield)
rNeg     . . .     Faith    .   a - +0 robe
rPois    .         Spirit   .   b - +0 hat
rElec    .         Reflect  .   z - scarf {cloud immunity}
rCorr    .         Harm     .   c - +1 pair of gloves
MR       .....                  w - +0 pair of boots
Stlth    ++........             (no amulet)
HPRegen  0.12/turn              (no ring)
MPRegen  0.16/turn              (no ring)

@: very slightly contaminated, studying Stealth
A: no striking features
a: Renounce Religion


You were on level 5 of the Dungeon.
You worshipped Vehumet.
Vehumet was noncommittal.
You were not hungry.

You visited 2 branches of the dungeon, and saw 6 of its levels.

You collected 154 gold pieces.

Inventory:

Hand Weapons
 d - a +0 dagger (weapon)
   (You took it off a goblin on level 1 of the Dungeon)
Missiles
 s - 13 poisoned darts
 x - a throwing net (quivered) {=f, !d=f}
 Q - 155 stones
Armour
 a - a +0 robe (worn)
 b - a +0 hat (worn)
 c - a +1 pair of gloves (worn)
   (You found it on level 1 of the Dungeon)
 w - a +0 pair of boots (worn)
   (You found it on level 4 of the Dungeon)
 z - a scarf of cloud immunity (worn)
   (You found it on level 2 of the Dungeon)
Jewellery
 v - a +3 ring of strength {unknown}
   (You found it on level 3 of the Dungeon)
Scrolls
 f - a scroll of blinking {unknown}
 g - 3 scrolls of teleportation {unknown}
 h - 6 scrolls of identify {unknown}
 l - 2 scrolls of enchant armour {unknown}
 m - a scroll of random uselessness {unknown}
 o - 2 scrolls of magic mapping {unknown}
 p - 4 scrolls of remove curse {unknown}
Potions
 i - 2 potions of haste {unknown}
 j - a potion of heal wounds {unknown}
 k - a potion of lignification {unknown}
 n - a potion of magic {unknown}
 r - a potion of degeneration {unknown}
 t - a potion of flight {unknown}
 u - 3 potions of mutation {unknown}
Books
 q - a manual of Stealth {!d!d}
   (You found it on level 4 of the Dungeon)
Comestibles
 e - 5 rations


   Skills:
 - Level 2.4 Dodging
 - Level 2.4 Stealth
 - Level 7.2 Spellcasting
 + Level 5.7 Conjurations
 + Level 4.8 Summonings
 - Level 1.1 Translocations
 - Level 2.0 Air Magic
 - Level 2.0 Poison Magic


You had 12 spell levels left.
You knew the following spells:

 Your Spells              Type           Power        Failure   Level  Hunger
a - Magic Dart            Conj           ####         1%          1    None
b - Blink                 Tloc           N/A          6%          2    None
c - Call Imp              Summ           ####....     1%          2    None
x - Mephitic Cloud        Conj/Pois/Air  ####....     5%          3    None

Your spell library contained the following spells:

 Spells                   Type           Power        Failure   Level  Hunger
 Conjure Flame            Conj/Fire      ###.....     6%          3    None
 Slow                     Hex            #.......     10%         2    None


Dungeon Overview and Level Annotations

Branches:
Dungeon (5/15)             Temple (1/1) D:4

Altars:
Dithmenos
Elyvilon
Gozag
Hepliaklqana
Kikubaaqudgha
Makhleb
Nemelex Xobeh
Qazlal
Ru
Trog
Vehumet
Xom
Zin

Annotations:
D:5 Sigmund


Message History

Your crimson imp blinks!
The water moccasin barely misses you.
Aim: a water moccasin (moderately wounded)
The magic dart hits the water moccasin.
You feel sick. The water moccasin bites you.
* * * LOW HITPOINT WARNING * * *
The water moccasin bites you.
* * * LOW HITPOINT WARNING * * *
Aim: a water moccasin (moderately wounded)
The magic dart hits the water moccasin!
You feel sick. The water moccasin bites you!
* * * LOW HITPOINT WARNING * * *
You are more poisoned.
The water moccasin poisons you!
You feel better. The water moccasin bites you.
* * * LOW HITPOINT WARNING * * *
Aim: a water moccasin (severely wounded)
The magic dart hits the water moccasin.
The water moccasin barely misses you. x2
Aim: a water moccasin (almost dead)
The magic dart hits the water moccasin.
You kill the water moccasin!
* * * LOW MAGIC WARNING * * *
You start resting.
Your shadow imp disappears in a puff of smoke!
Your crimson imp blinks!
You are feeling hungry.
You start resting.
You start resting.
Your crimson imp disappears in a puff of smoke!
You enter the shallow water.
Moving in this stuff is going to be slow.
x - a throwing net {=f, !d=f}
There is an open door here.
q - a manual of Stealth {!d!d} You are feeling very hungry.
There is an open door here.
You enter the shallow water.
Moving in this stuff is going to be slow.
Found an ancient bone altar of Kikubaaqudgha.
You now have 130 gold pieces (gained 11).
h - 6 scrolls labeled LYASSE GEHA (gained 1)
There is a stone staircase leading down here.
Done exploring.
Done exploring.
Done exploring.
Done exploring.
There is a stone staircase leading down here.
You climb downwards.
There is a stone staircase leading up here.
You open the door.
There is an open door here.
A leopard gecko comes into view.
Aim: a leopard gecko (resting)
The magic dart hits the leopard gecko!
You kill the leopard gecko!
You can't see any susceptible monsters within range! (Use Z to cast anyway.)
You now have 138 gold pieces (gained 8).
You are near starving!
You eat one of the 6 rations.
That ration really hit the spot!
You start resting.
You open the door.
There is an open door here.
r - a glowing blue potion
Q - 155 stones (gained 11)
You now have 154 gold pieces (gained 16).
You enter the shallow water.
Moving in this stuff is going to be slow.
Sigmund the Dreaded comes into view.
He is wielding a +0 scythe.
Sigmund shouts!
You hear a shout!
You miscast Mephitic Cloud.
You are very lightly contaminated with residual magic.
You feel slightly ill.
The ball explodes into a vile cloud!
The stinking cloud engulfs Sigmund but does no damage.
You hear an angry hiss.
Something shouts, "Leave, thou worthless pigeon-egg brigand!"
Sigmund is engulfed in noxious fumes.
Sigmund appears confused.
Aim: Sigmund, wielding a +0 scythe and wearing a +0 robe (noxious fumes, confused)
The magic dart hits Sigmund.
Sigmund is engulfed in noxious fumes.
Sigmund appears confused.
Sigmund chortles and stares into space.
Aim: Sigmund, wielding a +0 scythe and wearing a +0 robe (noxious fumes, lightly wounded, confused)
The magic dart hits Sigmund.
Sigmund is engulfed in noxious fumes.
Aim: Sigmund, wielding a +0 scythe and wearing a +0 robe (moderately wounded, confused)
The magic dart hits Sigmund.
A centaur comes into view.
The centaur wields a +0 shortbow.
The centaur shoots an arrow.
The arrow closely misses you.
The centaur shoots an arrow.
The arrow barely misses you.
You see here an arrow.
The centaur shoots an arrow.
The arrow hits you!
You see here an arrow.
The centaur shoots an arrow.
The arrow hits you!
* * * LOW HITPOINT WARNING * * *
You see here an arrow.
The centaur shoots an arrow.
The arrow hits you!
* * * LOW HITPOINT WARNING * * *
An adder comes into view.
The centaur shoots an arrow.
The arrow hits you!
You die...

#....≈≈≈≈≈≈≈≈.....#
#c.≈≈≈≈≈≈≈≈≈≈≈....#
#(≈≈≈≈≈≈≈§≈≈≈≈≈...#
#.≈≈≈≈≈≈≈≈≈≈≈≈≈≈..#
#..≈≈≈≈≈≈≈≈≈≈≈≈≈≈.#
#.(....≈≈≈≈≈≈≈≈≈≈.#
##......≈≈≈≈≈≈≈...#
######(.....≈≈........#
........@(....≈≈......##
..............≈.......#
.........#######.######
.S.......# #.#
.........# #####.#
############.....#
#.........#.#####
#.........#.#
#.........#.#


You could see a centaur and an adder (wandering).

Levels and vault maps discovered:
D:1:      elethiomel_arrival_infinity_welcomes_careful_drivers,
          layout_loops_cross
D:2:      layout_basic, nicolae_overflow_hidden_temple, uniq_jessica, uniq_robin
D:3:      minmay_recursive_quarters, layout_loops_ring, first_ration,
          minmay_cut_off, uniq_terence
D:4:      layout_cave_pools, nicolae_overflow_crystal_walls,
          minmay_temple_entry_grid, minmay_manual_mullet
D:5:      layout_basic, ebering_ghost_sewer_f, lemuel_old_faithful,
          uniq_grinder, uniq_sigmund, uniq_crazy_yiuf_cottage,
          uniq_prince_ribbit1
Temple:   minmay_temple_curvy_loop

Notes
Turn   | Place    | Note
-------+----------+-------------------------------------------
     0 | D:1      | drasked the Deep Elf Wizard began the quest for the Orb.
     0 | D:1      | Reached XP level 1. HP: 10/10 MP: 7/7
    16 | D:1      | Identified a +1 pair of gloves (You found it on level 1 of
                  | the Dungeon)
    31 | D:1      | Identified a +0 dagger
   147 | D:1      | Identified a +0 club
   210 | D:1      | Identified a +0 club
   252 | D:1      | Reached XP level 2. HP: 15/15 MP: 7/9
   380 | D:1      | Reached skill level 2 in Conjurations
   405 | D:1      | Identified a +0 club
   429 | D:1      | Reached skill level 5 in Spellcasting
   513 | D:1      | Identified a +0 vampiric short sword
   907 | D:1      | Identified a +0 dagger
   970 | D:1      | Reached XP level 3. HP: 19/19 MP: 9/11
  1257 | D:2      | Identified a +0 robe
  1257 | D:2      | Noticed Jessica
  1263 | D:2      | Killed Jessica
  1263 | D:2      | Reached skill level 3 in Conjurations
  1263 | D:2      | Identified a +0 club
  1270 | D:2      | Reached XP level 4. HP: 23/24 MP: 0/13
  1270 | D:2      | Identified a +0 club
  1378 | D:2      | Identified a +0 club
  1378 | D:2      | Identified a cursed +0 animal skin
  1378 | D:2      | Identified a +0 helmet
  1378 | D:2      | Noticed Robin
  1390 | D:1      | Learned a level 2 spell: Blink
  1393 | D:1      | Learned a level 2 spell: Call Imp
  1397 | D:1      | Learned a level 3 spell: Mephitic Cloud
  1398 | D:2      | Identified a +0 dagger
  1400 | D:2      | Identified a +0 dagger
  1400 | D:2      | Identified a +0 club
  1401 | D:2      | Identified a +0 dagger
  1401 | D:2      | Identified a +0 hunting sling
  1403 | D:2      | Killed Robin
  1403 | D:2      | Reached skill level 6 in Spellcasting
  1507 | D:2      | Identified a +0 club
  1627 | D:2      | Identified a cursed -1 club
  1693 | D:2      | Identified a +0 spear
  1699 | D:2      | Identified a +0 club
  1994 | D:2      | Identified a +0 short sword
  1995 | D:2      | Identified a +0 club
  2023 | D:2      | Identified a +0 short sword
  2023 | D:2      | Identified a +0 hunting sling
  2023 | D:2      | Identified a +0 chain mail
  2240 | D:2      | Found a glowing silver altar of Zin.
  2513 | D:2      | Identified a scarf of cloud immunity (You found it on level
                  | 2 of the Dungeon)
  2574 | D:3      | Identified a +0 halberd
  2575 | D:3      | Identified a +0 spear
  2657 | D:3      | Identified a +0 whip
  2657 | D:3      | Identified a +0 hand axe
  2671 | D:3      | Reached XP level 5. HP: 28/28 MP: 5/16
  2797 | D:3      | Identified a +0 flail
  2797 | D:3      | Identified a +0 ring mail
  2797 | D:3      | Noticed Terence
  2809 | D:3      | Killed Terence
  2809 | D:3      | Reached skill level 7 in Spellcasting
  2973 | D:3      | Identified a cursed -1 dagger
  3149 | D:3      | Reached skill level 1 in Poison Magic
  3150 | D:3      | Identified a +0 flail
  3169 | D:3      | Reached skill level 1 in Air Magic
  3174 | D:3      | Identified a +0 club
  3174 | D:3      | Identified a +0 spear
  3178 | D:3      | Identified a +0 vampiric halberd
  3180 | D:3      | Identified a +0 flail
  3217 | D:3      | Reached XP level 6. HP: 32/32 MP: 2/18
  3596 | D:3      | Identified a +0 club
  3599 | D:3      | Reached skill level 2 in Summonings
  3812 | D:3      | Identified a +0 short sword
  3815 | D:3      | Identified a +0 whip
  4488 | D:4      | Reached skill level 2 in Poison Magic
  4590 | D:4      | Identified a +0 pair of boots (You found it on level 4 of
                  | the Dungeon)
  4590 | D:4      | Identified a +0 dagger
  4590 | D:4      | Identified a +0 robe
  4590 | D:4      | Identified a +0 dagger
  4590 | D:4      | Identified a +0 robe
  4592 | D:4      | Identified a +0 flail
  4603 | D:4      | Reached skill level 4 in Conjurations
  4603 | D:4      | Reached skill level 2 in Air Magic
  4614 | D:4      | Reached skill level 3 in Summonings
  4669 | D:4      | Identified a +0 dagger
  4673 | D:4      | Identified a +0 dagger
  4673 | D:4      | Identified a +0 robe
  4824 | D:4      | Identified a +0 whip
  4824 | D:4      | Identified a +0 short sword
  4824 | D:4      | Identified a +0 leather armour
  4824 | D:4      | Identified a +0 trident
  4926 | D:4      | Reached XP level 7. HP: 29/36 MP: 13/19
  5201 | D:4      | Found a staircase to the Ecumenical Temple.
  5210 | Temple   | Entered the Ecumenical Temple
  5431 | Temple   | Became a worshipper of Vehumet
  5489 | D:4      | Reached skill level 5 in Conjurations
  5489 | D:4      | Reached skill level 4 in Summonings
  5572 | D:4      | Identified a +2 falchion of freezing
  5572 | D:4      | Identified a +0 leather armour
  5572 | D:4      | Identified an uncursed ring of see invisible
  5813 | D:4      | HP: 5/36 [water moccasin (7)]
  6115 | D:4      | Found an ancient bone altar of Kikubaaqudgha.
  6232 | D:5      | Entered Level 5 of the Dungeon
  6286 | D:5      | Identified a +0 scythe
  6286 | D:5      | Identified a +0 robe
  6286 | D:5      | Noticed Sigmund
  6292 | D:5      | Identified a +0 shortbow
  6300 | D:5      | HP: 3/36 [centaur/arrow (9)]
  6300 | D:5      | Shot with an arrow by a centaur

Table legend:
 A = Turns spent in this place as a percentage of turns spent in the entire game.
 B = Non-inter-level travel turns spent in this place as a percentage of non-inter-level travel turns spent in the entire game.
 C = Inter-level travel turns spent in this place as a percentage of turns spent in this place.
 D = Turns resting spent in this place as a percentage of non-inter-level travel turns spent in this place.
 E = Turns spent auto-exploring this place as a percentage of non-inter-level travel turns spent in this place.
 F = Non-inter-level travel turns spent in this place divided by the number of levels of this place that you've seen.
                   A       B       C       D       E      F
               +-------+-------+-------+-------+-------+----------------------
         Total | 100.0 | 100.0 |   4.5 |  44.0 |  44.0 | 1003.0
       Dungeon |  96.0 |  97.0 |   3.5 |  45.4 |  42.3 | 1167.0
        Temple |   4.0 |   3.0 |  27.1 |   0.0 |  98.4 | 183.0
               +-------+-------+-------+-------+-------+----------------------

Table legend:
 A = Kills in this place as a percentage of kills in entire the game.
 B = Kills by you in this place as a percentage of kills by you in the entire game.
 C = Kills by friends in this place as a percentage of kills by friends in the entire game.
 D = Other kills in this place as a percentage of other kills in the entire game.
 E = Experience gained in this place as a percentage of experience gained in the entire game.
 F = Experience gained in this place divided by the number of levels of this place that you have seen.
                   A       B       C       D       E      F
               +-------+-------+-------+-------+-------+----------------------
         Total | 100.0 | 100.0 | 100.0 |   N/A | 100.0 | 202.3
       Dungeon | 100.0 | 100.0 | 100.0 |   N/A | 100.0 | 242.8
               +-------+-------+-------+-------+-------+----------------------

Skill      XL: |  1  2  3  4  5  6  7 |
---------------+----------------------+-----
Conjurations   | 2 3 4 5 |  5.7
Spellcasting   | 5 6 7 |  7.2
Poison Magic   | 1 2 |  2.0
Air Magic      | 1 2 |  2.0
Summonings     | 3 4 |  4.8
Dodging        | |  2.4
Stealth        | |  2.4
Translocations | |  1.1

Action                   |  1- 3 |  4- 6 |  7- 9 || total
-------------------------+-------+-------+-------++-------
Melee: Dagger            |       |     7 |     5 ||    12
Throw: Stone             |     1 |       |       ||     1
       Throwing net      |       |       |     1 ||     1
 Cast: Magic Dart        |    70 |   228 |    50 ||   348
       Mephitic Cloud    |       |     7 |     3 ||    10
       Call Imp          |       |       |     7 ||     7
       Blink             |       |       |     1 ||     1
  Use: Potion            |       |       |     2 ||     2
 Stab: Confused          |       |     1 |       ||     1
  Eat: Chunk             |     1 |     8 |     2 ||    11
       Ration            |       |     1 |     1 ||     2
Armor: Robe              |     4 |     6 |     4 ||    14
Dodge: Dodged            |     6 |    19 |    21 ||    46

Vanquished Creatures
  A water moccasin (D:4)
  A scorpion (D:4)
  2 howler monkeys
  3 hounds (D:4)
  3 orc wizards (D:4)
  Jessica (D:2)
  An iguana (D:4)
  Terence (D:3)
  4 worker ants (D:4)
  Robin (D:2)
  7 gnolls (D:3)
  4 adders
  4 worms (D:3)
  2 dart slugs
  6 leopard geckos
  7 orcs
  4 bats
  7 giant cockroaches
  9 hobgoblins
  5 jackals (D:1)
  10 kobolds
  A quokka (D:2)
  A ball python (D:2)
  7 frilled lizards
  19 goblins
  A leopard gecko skeleton (D:4)
  14 rats
126 creatures vanquished.

Vanquished Creatures (collateral kills)
  A howler monkey (D:4)
  A bullfrog skeleton (D:4)
  An orc (D:4)
3 creatures vanquished.

Grand Total: 129 creatures vanquished
